 Dungeon Crawl Stone Soup version 0.22-a0-322-g60b3cfd (webtiles) character file.

63 4thArraOfDagon the Conjurer (level 4, 0/37 HPs)
             Began as a Hill Orc Conjurer on Apr 4, 2018.
             Succumbed to an adder's poison
             ... on level 3 of the Dungeon.
             The game lasted 00:02:36 (511 turns).

4thArraOfDagon the Conjurer (Hill Orc Conjurer)      Turns: 511, Time: 00:02:37

Health: 0/37       AC:  2    Str: 10    XL:     4   Next: 10%
Magic:  3/6        EV: 12    Int: 21    God:
Gold:   72         SH:  0    Dex: 11    Spells: 5/6 levels left

rFire    . . .     SeeInvis .   j - +1 dagger (elec)
rCold    . . .     Gourm    .   (no shield)
rNeg     . . .     Faith    .   a - +0 robe
rPois    .         Spirit   .   (no helmet)
rElec    .         Reflect  .   (no cloak)
rCorr    .         Harm     .   (no gloves)
MR       .....                  (no boots)
Stlth    ++........             i - amulet of rage
HPRegen  0.12/turn              k - ring of wizardry
MPRegen  0.10/turn              (no ring)

@: brilliant, lethally poisoned (0 -> -1), berserk cooldown
A: no striking features
a: Evoke Berserk Rage


You were on level 3 of the Dungeon.
You were not hungry.

You visited 1 branch of the dungeon, and saw 3 of its levels.

You collected 72 gold pieces.

Inventory:

Hand Weapons
 b - a +0 short sword
 j - a +1 dagger of electrocution (weapon)
Armour
 a - a +0 robe (worn)
Jewellery
 i - an amulet of rage (around neck)
 k - a ring of wizardry (left hand)
Scrolls
 d - a scroll of remove curse {unknown}
 e - 2 scrolls of immolation {unknown}
 h - 2 scrolls of identify {unknown}
Comestibles
 c - a ration
 l - 4 chunks of flesh


   Skills:
 - Level 2.3 Fighting
 - Level 1.5 Dodging
 - Level 1.5 Stealth
 - Level 1.5 Spellcasting
 - Level 4.0 Conjurations
 * Level 2.8 Evocations


You had 5 spell levels left.
You knew the following spells:

 Your Spells              Type           Power        Failure   Level  Hunger
a - Magic Dart            Conj           ####         1%          1    #......


Dungeon Overview and Level Annotations

Branches:
Dungeon (3/15)

Altars:


Message History

Confirm with . or Enter, or press ? or * to list all spells.
Aiming: Magic Dart (safe; 1% risk of failure)
Press: ? - help, Shift-Dir - straight line, f - ball python
Aim: a ball python (resting)
Okay, then.
The helpless ball python fails to defend itself.
You hit the ball python.
Lightning courses through the ball python!
You kill the ball python!
Unknown command.
Unknown command.
Unknown command.
* * * LOW HITPOINT WARNING * * *
You feel sick.
You see here a ration.
Unknown command.
You see here 9 gold pieces.
Unknown command.
Unknown command.
You die...

#.# #. #.# #.
#.# #. #.# #.
#.# #. #%# #.
#.########
#.##$........
#.@..<#######
####.## ...#
#####


There were no monsters in sight!

Vanquished Creatures
  Jessica (D:2)
  An adder (D:2)
  A dart slug (D:1)
  A leopard gecko (D:1)
  3 bats
  2 giant cockroaches (D:2)
  6 hobgoblins
  A jackal (D:2)
  3 kobolds (D:2)
  A ball python (D:3)
  A frilled lizard (D:1)
  3 goblins (D:2)
24 creatures vanquished.

Notes
Turn   | Place    | Note
-------+----------+-------------------------------------------
     0 | D:1      | 4thArraOfDagon the Hill Orc Conjurer began the quest for the Orb.
     0 | D:1      | Reached XP level 1. HP: 14/14 MP: 3/3
   119 | D:1      | Reached skill level 1 in Fighting
   164 | D:1      | Reached XP level 2. HP: 24/24 MP: 0/4
   362 | D:2      | Reached skill level 1 in Evocations
   434 | D:2      | Reached XP level 3. HP: 23/30 MP: 5/5
   458 | D:2      | Noticed Jessica
   474 | D:2      | Killed Jessica
   501 | D:2      | Reached XP level 4. HP: 2/37 MP: 2/6
   502 | D:2      | 4thArraOfDagon: rip
   503 | D:3      | HP: 1/37 [poisoned by an adder]
   511 | D:3      | Succumbed to an adder's poison

Vault maps used:
D:1:      lemuel_arrival_lava_pool
D:2:      minmay_joined_circles, uniq_robin, uniq_jessica
D:3:      gammafunk_temple_overflow_elements, lemuel_coloured_pillars_altar,
          overflow_temple_1_default, minitemple, first_ration, uniq_sigmund

Skill      XL: |  1  2  3 |
---------------+----------+-----
Fighting       | 1 2 |  2.3
Evocations     | 1 2 |  2.8
Dodging        | |  1.5
Stealth        | |  1.5
Spellcasting   | |  1.5
Conjurations   | |  4.0

Action                   |  1- 3 |  4- 6 || total
-------------------------+-------+-------++-------
Melee: Short sword       |    15 |       ||    15
       Dagger            |    40 |     1 ||    41
 Cast: Magic Dart        |    24 |     1 ||    25
 Abil: Evoke Berserk Rag |     2 |       ||     2
  Use: Potion            |     2 |       ||     2
 Stab: Sleeping          |       |     1 ||     1
  Eat: Chunk             |     1 |       ||     1
Armor: Robe              |     6 |       ||     6
Dodge: Dodged            |    49 |       ||    49

Table legend:
 A = Spawn XP
 B = Non-spawn XP
 C = Spawn XP percentage of total XP
 D = Spawn monster count
 E = Non-spawn monster count
 F = Spawn count percentage of total count
 G = Total turns spent on level
                    A         B        C        D         E        F      G
               +---------+---------+-------+---------+---------+-------+---------
         Total |       0 |      91 |   0.0 |       0 |      24 |   0.0 |   511
               +---------+---------+-------+---------+---------+-------+---------
           D:1 |       0 |      18 |   0.0 |       0 |       8 |   0.0 |   244
           D:2 |       0 |      72 |   0.0 |       0 |      15 |   0.0 |   259
           D:3 |       0 |       1 |   0.0 |       0 |       1 |   0.0 |     8
               +---------+---------+-------+---------+---------+-------+---------
